AoeStats
← E-d-d-i-e91G

Fortress

509281245Analyzed
2v2 RM · 8d ago on Sep 26, 2026· 50m 16s· 4 players
Game mode
Random Map
Map size
Normal (6 player)
Population
200
Speed
Normal
Resources
Standard
Victory
Conquest
Starting age
Dark Age
Ending age
Imperial Age
RankedLock teamsTeams togetherTeam positionsShared explorationLock speedFull tech treeHidden civsTurbo modeCheats
Victory
Defeat
🇺🇸 Britons · United States
495
+13
🇺🇸 Bulgarians · United States
407
+16
🇦🇺 Bohemians · Australia
436
-15
🇦🇺 Tupi · Australia
409
-14
E-d-d-i-e91G
7:18 Feudal Age
9:12 Wheelbarrow
10:29 Town Watch
16:16 Double-Bit Axe
16:12 Horse Collar
16:25 Gold Mining
26:27 Castle Age
24:48 Stone Mining
30:43 Gold Shaft Mining
30:20 Bow Saw
30:11 Heavy Plow
30:19 Squires
33:34 Hand Cart
33:21 Town Patrol
36:17 Padded Archer Armor
42:56 Imperial Age
43:49 Pikeman
IAMASTROMAN9714
6:24 Feudal Age
7:47 Wheelbarrow
8:04 Man-at-Arms
9:58 Double-Bit Axe
18:15 Arson
28:40 Castle Age
29:02 Light Cavalry
29:43 Husbandry
31:48 Long Swordsman
36:15 Hand Cart
36:27 Wagenburg Tactics
37:04 Ballistics
39:22 Forging
40:40 Scale Mail Armor
41:16 Iron Casting
41:31 Pikeman
42:11 Squires
LATEAFNICE
0:57 Loom
7:13 Feudal Age
9:01 Wheelbarrow
8:12 Town Watch
8:16 Double-Bit Axe
8:14 Horse Collar
13:23 Stone Mining
13:24 Gold Mining
19:11 Castle Age
17:03 Man-at-Arms
17:29 Arson
17:48 Scale Mail Armor
18:56 Forging
18:47 Padded Archer Armor
18:37 Fletching
20:00 Long Swordsman
20:25 Gambesons
20:41 Squires
27:01 Imperial Age
24:55 Bow Saw
25:46 Hand Cart
26:43 Leather Archer Armor
26:23 Bodkin Arrow
27:23 Town Patrol
28:11 Conscription
32:11 Two-Man Saw
32:10 Treadmill Crane
32:43 Masonry
32:30 Murder Holes
33:47 Two-Handed Swordsman
33:48 Pikeman
35:31 Heavy Plow
36:10 Architecture
39:10 Warwolf
39:34 Yeomen
38:34 Elite Longbowman
47:04 Ring Archer Armor
46:35 Bracer
46:50 Chain Mail Armor
47:11 Iron Casting
46:01 Champion
saphi
1:03 Loom
10:05 Feudal Age
14:06 Horse Collar
14:13 Double-Bit Axe
14:21 Stone Mining
14:30 Gold Mining
18:46 Castle Age
17:03 Arson
21:06 Caravan
24:59 Heavy Plow
25:31 Bow Saw
27:27 Gold Shaft Mining
29:10 Stirrups
33:14 Imperial Age
31:06 Bloodlines
31:10 Husbandry
31:27 Scale Barding Armor
31:32 Forging
33:55 Iron Casting
33:41 Chain Barding Armor
35:00 Crop Rotation
35:37 Elite Konnik
38:25 Plate Barding Armor
39:56 Blast Furnace
45:13 Scale Mail Armor
48:14 Chain Mail Armor
Connection lost

Rejoining the realm…

Still unreachable

The connection could not be restored.

Session expired

The server has moved on; the page needs a fresh start.